[Event "Titled Tuesday Blitz January 17 Late 2023"]
[White "Sokolovsky, Yahli"]
[Black "Svane, Frederik"]
[WhiteFideId "2820242"]
[BlackFideId "12923044"]
[WhiteElo "2461"]
[BlackElo "2600"]
[Result "1/2-1/2"]
[Round "06"]
[TimeControl "180+2"]
[Date "2023.01.17"]
[WhiteClock "0:00:05"]
[BlackClock "0:00:19"]

1. b3 a5 2. Bb2 a4 3. b4 e6 4. a3 Nf6 5. c4 d5 6. e3 c5 7. bxc5 Bxc5 8. d4 Be7 9. Nf3 O-O 10. Be2 dxc4 11. Bxc4 b5 12. Bxb5 Qb6 13. Nc3 Ba6 14. Qe2 Bxb5 15. Qxb5 Qxb5 16. Nxb5 Nbd7 17. Nc3 Rfb8 18. Rb1 Rb3 19. Nd2 Rb7 20. Ke2 Rab8 21. Nxa4 Nd5 22. Ba1 Bxa3 23. Rxb7 Rxb7 24. Rb1 Rxb1 25. Nxb1 Bd6 26. h3 f5 27. Nac3 N7f6 28. Nb5 Bb4 29. N1c3 Kf7 30. Bb2 Nxc3+ 31. Bxc3 Be7 32. Bb2 Nd5 33. Ba3 Bf6 34. Bd6 Ke8 35. Na3 Kd7 36. Nc4 Nc3+ 37. Ke1 Ne4 38. Be5 Bxe5 39. Nxe5+ Kd6 40. Ke2 Kd5 41. Nd3 Kd6 42. f3 Nc3+ 43. Kd2 Nd5 44. Ne5 Ne7 45. Kd3 Nd5 46. Nc4+ Kd7 47. g3 Nf6 48. Ne5+ Kd6 49. Nc4+ Kd7 50. Nd2 Nd5 51. Nb1 Nb4+ 52. Kd2 Nd5 53. Nc3 Nf6 54. Ne2 Kd6 55. Kd3 Kd7 56. Nf4 Kd6 57. h4 e5 58. dxe5+ Kxe5 59. Ne2 g6 60. Nd4 Kd5 61. Nb3 Nd7 62. Nd2 Ne5+ 63. Ke2 Nd7 64. Nb3 Nf6 65. Nc1 Nd7 66. Nd3 Nf6 67. Nf4+ Ke5 68. Nh3 Nd7 69. Ng5 Nf6 70. Kd3 Kd5 71. Kd2 Ke5 72. Kc3 Kd5 73. Kd3 Ke5 74. Kc4 Nd5 75. f4+ Kd6 76. Kd4 Nf6 77. e4 Ke7 78. e5 Nh5 79. Nxh7 Nxg3 80. Ng5 Nh5 81. Ke3 Ng3 82. Kf3 Nh5 83. Nh3 Ng7 84. Nf2 Ne6 85. Nh1 Nd4+ 86. Ke3 Ne6 87. Nf2 Ng7 88. Nd1 Ne6 89. Nc3 Nc7 90. Kd4 Ne6+ 91. Ke3 Nc7 92. Kf3 Ne6 93. Nd5+ Kf7 94. Ke3 Ng7 95. Nc7 Ke7 96. Kf3 Nh5 97. Nb5 Ng7 98. Nd4 Kd7 99. Ne2 Ke7 100. Ng3 Ne6 101. h5 Kf7 102. hxg6+ Kxg6 103. Ne2 Kf7 104. Ke3 Ng7 105. Nd4 Ke7 106. Kf3 Kf7 107. Kg3 Nh5+ 108. Kf3 Ng7 109. Ne2 Ke6 110. Kg3 Kf7 111. Kh4 Kg6 112. Nd4 Nh5 113. Ne6 Kh6 114. Kh3 Kg6 115. Kh4 Kh6 116. Kh3 Kg6 117. Kg2 Kf7 118. Ng5+ Ke7 119. Kf3 Ng7 120. Nh3 Ne6 121. Nf2 Nd4+ 122. Ke3 Ne6 123. Nh1 Ng7 124. Ng3 Ke6 125. Kd4 Ne8 126. Nh5 Nc7 127. Nf6 Nb5+ 128. Kc4 Nc7 129. Kc5 Kf7 130. Kd6 Ne6 131. Nh5 Nd4 132. Kd7 Ne6 133. Kc6 Nd4+ 134. Kd5 Ne6 135. Kd6 Nd4 136. Kc7 Ne6+ 137. Kd7 Nd4 138. Kd6 Ne6 139. Kd5 Nc7+ 140. Kc6 Ne6 141. Kd7 Nd4 142. Ng3 Ne6 143. Nxf5 Nxf4 144. Nd6+ Kg6 145. Ke7 Nd5+ 146. Kd8 Nf4 147. Kd7 Kg5 148. Nf7+ Kf5 149. Kd6 Kg6 150. Nd8 Kf5 151. Nb7 Ke4 152. Nc5+ Kf5 153. Nb3 Ke4 154. Nd2+ Kf5 155. Nc4 Ke4 156. Nb2 Kf5 157. Nd3 Nxd3 158. e6 Nf2 159. e7 Ne4+ 160. Kd7 Nf6+ 161. Kd8 Ke6 162. e8=Q+ Nxe8 1/2-1/2


[Site "https://www.chess.com"]

[Event "Titled Tuesday Blitz January 17 Late 2023"]
[White "Tari, Aryan"]
[Black "Timmermans, Mark"]
[WhiteFideId "1510045"]
[BlackFideId "1026399"]
[WhiteElo "2642"]
[BlackElo "2392"]
[Result "1-0"]
[Round "06"]
[TimeControl "180+2"]
[Date "2023.01.17"]
[WhiteClock "0:01:41"]
[BlackClock "0:00:32"]

1. e4 e5 2. Nf3 Nc6 3. d4 exd4 4. Nxd4 Nf6 5. Nxc6 bxc6 6. Nd2 d5 7. exd5 cxd5 8. Bb5+ Bd7 9. Bxd7+ Qxd7 10. O-O Be7 11. b3 O-O 12. Bb2 c6 13. Qf3 a5 14. a4 Rfe8 15. Rad1 c5 16. Bxf6 Bxf6 17. Nc4 Rad8 18. Nb6 Qd6 19. Nxd5 Bd4 20. Rfe1 Re6 21. Nf4 Rf6 22. g3 Kh8 23. c3 g5 24. cxd4 cxd4 25. Re4 gxf4 26. Rexd4 Qxd4 27. Rxd4 Rxd4 28. Qa8+ Kg7 29. Qxa5 fxg3 30. hxg3 h6 31. Qe5 Rd1+ 32. Kg2 Rb1 33. Qc3 Rc1 34. Qxc1 1-0


[Site "https://www.chess.com"]

[Event "Titled Tuesday Blitz January 17 Late 2023"]
[White "Hansen, Eric"]
[Black "Milikow, Yoav"]
[WhiteFideId "2606771"]
[BlackFideId "2822237"]
[WhiteElo "2609"]
[BlackElo "2394"]
[Result "1-0"]
[Round "06"]
[TimeControl "180+2"]
[Date "2023.01.17"]
[WhiteClock "0:00:11"]
[BlackClock "0:00:15"]

1. Nf3 d5 2. d4 Nf6 3. c4 e6 4. Nc3 c5 5. e3 Nc6 6. cxd5 Nxd5 7. Bc4 Nb6 8. Bb5 Bd7 9. O-O cxd4 10. exd4 Be7 11. Re1 O-O 12. a3 Rc8 13. Bd3 Nd5 14. Qe2 Nf6 15. Bg5 Re8 16. Rad1 Qb6 17. Bb1 h6 18. Bh4 Qb3 19. Ba2 Qb6 20. Ne5 Red8 21. Nxf7 Kxf7 22. Bxe6+ Bxe6 23. Qxe6+ Kf8 24. d5 Rd6 25. Qxc8+ 1-0


[Site "https://www.chess.com"]

[Event "Titled Tuesday Blitz January 17 Late 2023"]
[White "Domingo Nunez, Ruben"]
[Black "Remizov, Yaroslav"]
[WhiteFideId "22245570"]
[BlackFideId "34134015"]
[WhiteElo "2416"]
[BlackElo "2421"]
[Result "1/2-1/2"]
[Round "06"]
[TimeControl "180+2"]
[Date "2023.01.17"]
[WhiteClock "0:00:03"]
[BlackClock "0:00:05"]

1. e4 c6 2. Nf3 d5 3. Nc3 dxe4 4. Nxe4 Nf6 5. Nxf6+ exf6 6. h3 Bd6 7. d4 O-O 8. Be2 Re8 9. O-O Nd7 10. Re1 Nf8 11. c4 Ng6 12. Be3 Be6 13. Qb3 Qd7 14. Bf1 b5 15. d5 cxd5 16. Qxb5 Qd8 17. Rad1 Rb8 18. Qa4 Rxb2 19. cxd5 Bd7 20. Qxa7 Ne5 21. Nd4 Qa8 22. Nc6 Rxa2 23. Qb6 Bf8 24. Nxe5 fxe5 25. Bc4 Rc2 26. Bd3 Rb8 27. Qxb8 Qxb8 28. Bxc2 Bd6 29. Rb1 Qd8 30. Rb7 g6 31. Ra1 Qc8 32. Rb2 e4 33. Rc1 Qc3 34. Rb3 Qe5 35. g3 Bxh3 36. Rd1 Bg4 37. Rd4 Bf3 38. Bd1 Bxd1 39. Rxd1 Qh5 40. Rd4 Kg7 41. Rb1 Bc5 42. Rxe4 Qxd5 43. Re8 Bxe3 44. Rxe3 Qf5 45. Rbe1 h5 46. Re5 Qd3 47. R5e3 Qd4 48. Re4 Qc5 49. Rf4 Qd6 50. Ree4 Qa3 51. Re3 Qc1+ 52. Kg2 Qc6+ 53. Kh2 g5 54. Rf5 f6 55. Ra3 Kg6 56. Rff3 Qc2 57. Kg1 Qd1+ 58. Kh2 Qe2 59. Rae3 Qf1 60. Re6 Qa1 61. Kg2 Qd4 62. Kh2 Qb2 63. Rc6 Qa1 64. Rd6 Qe5 65. Ra6 Qd4 66. Kg2 Qe5 67. Kg1 Qd4 68. Re3 h4 69. gxh4 Qxh4 70. Raa3 Qg4+ 71. Rg3 Qd1+ 72. Kg2 f5 73. Ra6+ Kf7 74. Rxg5 Qd5+ 75. Kg1 Qd1+ 76. Kh2 Qf3 77. Ra2 Qf4+ 78. Rg3 Qh4+ 79. Kg2 Qc4 80. Raa3 Qd5+ 81. Raf3 Kf6 82. Rh3 Qe4 83. Rh6+ Kg5 84. Rh3 Kf6 85. Rh6+ Kg5 86. Rh8 Kg6 87. Rg8+ Kf7 88. Rg5 Ke6 89. Rxf5 Qg4+ 90. Kf1 Qc4+ 91. Ke1 Qb4+ 92. Ke2 Qc4+ 93. Ke3 Qc3+ 94. Kf4 Qd4+ 95. Kg5 Qg7+ 96. Kh4 Qh7+ 97. Rh5 Qe4+ 98. Kg3 Qg6+ 99. Kh4 Qe4+ 100. Kg3 Qg6+ 101. Kh4 Qe4+ 1/2-1/2


[Site "https://www.chess.com"]

[Event "Titled Tuesday Blitz January 17 Late 2023"]
[White "Pershin, Denis"]
[Black "Jones, Gawain C B"]
[WhiteFideId "24165506"]
[BlackFideId "409561"]
[WhiteElo "2366"]
[BlackElo "2618"]
[Result "0-1"]
[Round "06"]
[TimeControl "180+2"]
[Date "2023.01.17"]
[WhiteClock "0:00:01"]
[BlackClock "0:00:04"]

1. d4 Nf6 2. Bf4 c5 3. e3 g6 4. Nc3 cxd4 5. exd4 Bg7 6. Nf3 d6 7. Be2 O-O 8. O-O Bf5 9. h3 Nc6 10. Bh2 Nb4 11. Rc1 Bh6 12. a3 Bxc1 13. Qxc1 Nbd5 14. Nxd5 Nxd5 15. c4 Nb6 16. Qh6 f6 17. c5 dxc5 18. dxc5 Nd7 19. Bc4+ Kh8 20. Rd1 Qe8 21. b4 e5 22. Nh4 Rd8 23. g4 Bc2 24. Rd2 Be4 25. Rd6 Nb6 26. Rxd8 Qxd8 27. cxb6 Qd1+ 28. Bf1 Rd8 29. Ng2 axb6 30. g5 Qc1 31. Qh4 Rd1 32. Ne3 Rxf1+ 33. Nxf1 Bd3 34. Bg3 Bxf1 35. Kh2 Qxg5 36. Qe4 Qf5 0-1


[Site "https://www.chess.com"]

[Event "Titled Tuesday Blitz January 17 Late 2023"]
[White "Zhigalko, Sergei"]
[Black "Hamitevici, Vladimir"]
[WhiteFideId "13502956"]
[BlackFideId "13902393"]
[WhiteElo "2572"]
[BlackElo "2496"]
[Result "1-0"]
[Round "06"]
[TimeControl "180+2"]
[Date "2023.01.17"]
[WhiteClock "0:00:22"]
[BlackClock "0:00:03"]

1. e4 e5 2. Nf3 Nc6 3. Bc4 Bc5 4. b4 Bxb4 5. c3 Ba5 6. d4 d6 7. Qb3 Qd7 8. O-O Bb6 9. Nbd2 Na5 10. Qc2 Nxc4 11. Nxc4 f6 12. a4 Qc6 13. Qe2 a6 14. d5 Qd7 15. Nxb6 cxb6 16. Rb1 b5 17. axb5 axb5 18. Rxb5 Ne7 19. c4 O-O 20. Be3 h6 21. c5 dxc5 22. Bxc5 Re8 23. Rc1 Ng6 24. Be3 Ra4 25. Nd2 Nf4 26. Bxf4 exf4 27. Rbc5 f3 28. gxf3 Qh3 29. Qf1 b6 30. Rxc8 Rxc8 31. Qxh3 Rxc1+ 32. Kg2 Ra8 33. Qe6+ Kh8 34. f4 Rd1 35. Nf3 b5 36. Qc6 Rb8 37. Qc7 Re8 38. Nh4 b4 39. Qf7 Rb8 40. Ng6+ Kh7 41. Nf8+ Kh8 42. Ne6 Rg8 43. Qb7 Rb1 44. d6 Rd1 45. Qxb4 1-0


[Site "https://www.chess.com"]

[Event "Titled Tuesday Blitz January 17 Late 2023"]
[White "Carnicelli, Valerio"]
[Black "Galperin, Platon"]
[WhiteFideId "856185"]
[BlackFideId "14165414"]
[WhiteElo "2370"]
[BlackElo "2528"]
[Result "0-1"]
[Round "06"]
[TimeControl "180+2"]
[Date "2023.01.17"]
[WhiteClock "0:00:12"]
[BlackClock "0:00:52"]

1. b3 Nc6 2. Bb2 e5 3. c4 g6 4. e3 Bg7 5. g3 d5 6. cxd5 Qxd5 7. Nf3 Nf6 8. Bg2 e4 9. Nc3 Qh5 10. Ng1 Qxd1+ 11. Kxd1 Nb4 12. Nxe4 Nxe4 13. Bxg7 Nxf2+ 14. Ke2 Rg8 15. Bc3 Nbd3 16. Rf1 Nxh1 17. Kxd3 Bf5+ 18. e4 Nxg3 19. hxg3 O-O-O+ 20. Ke3 Bd7 21. Rxf7 h5 22. Bh3 g5 23. Rxd7 Rxd7 24. Be6 Rg6 25. Bxd7+ Kxd7 26. Nf3 Ke6 27. Nd4+ Kf7 28. Nf5 Ra6 29. a4 c5 30. Kd3 Re6 0-1


[Site "https://www.chess.com"]

[Event "Titled Tuesday Blitz January 17 Late 2023"]
[White "Klose, Eli"]
[Black "Baskakov, Egor"]
[WhiteFideId "16242955"]
[BlackFideId "24197866"]
[WhiteElo "1519"]
[BlackElo "2215"]
[Result "0-1"]
[Round "06"]
[TimeControl "180+2"]
[Date "2023.01.17"]
[WhiteClock "0:00:15"]
[BlackClock "0:00:19"]

1. e4 c5 2. Nc3 Nc6 3. g3 g6 4. d3 Bg7 5. Be3 Nd4 6. Qd2 e6 7. Nd1 b6 8. Bg2 d5 9. exd5 exd5 10. Ne2 Nxe2 11. Qxe2 Ne7 12. Qd2 Nf5 13. O-O O-O 14. c3 Ba6 15. Re1 Rc8 16. Bg5 Qd7 17. Ne3 d4 18. Nxf5 Qxf5 19. c4 Rfe8 20. h4 Qd7 21. b4 Bb7 22. b5 Bxg2 23. Kxg2 Qb7+ 24. Kg1 Qf3 25. a4 Bf8 26. Rad1 Bd6 27. a5 h5 28. a6 Kg7 29. Bh6+ Kh7 30. Bg5 f6 31. Bf4 Bxf4 32. Qxf4 Qxf4 33. gxf4 Kg7 34. Kg2 Kf7 35. Kf3 Rxe1 36. Rxe1 Re8 37. Rg1 Re6 38. Rg2 Re1 39. f5 gxf5 40. Kf4 Rd1 41. Kxf5 Rxd3 42. f4 Re3 43. Rg6 d3 44. Rxf6+ Ke7 45. Rg6 d2 46. Rg7+ Kd8 47. Rg8+ Kd7 48. Rg7+ Re7 49. Rg1 Re1 50. Rg7+ Ke8 51. Rg8+ Kf7 52. Rd8 d1=Q 53. Rxd1 Rxd1 54. Ke5 Rd4 55. f5 Rxh4 56. Kd5 Rf4 57. Kc6 h4 58. Kb7 h3 59. Kxa7 h2 60. Kxb6 h1=Q 61. a7 Rxc4 62. Kc7 Qa8 63. b6 Rb4 64. f6 c4 65. b7 Rxb7+ 66. Kc6 c3 67. Kd6 c2 68. Ke5 c1=Q 69. Kd6 Qd2+ 70. Kc5 Qc8# 0-1


[Site "https://www.chess.com"]

[Event "Titled Tuesday Blitz January 17 Late 2023"]
[White "Sielecki, Christof"]
[Black "Bernadskiy, Vitaliy"]
[WhiteFideId "4620437"]
[BlackFideId "14100371"]
[WhiteElo "2419"]
[BlackElo "2592"]
[Result "0-1"]
[Round "06"]
[TimeControl "180+2"]
[Date "2023.01.17"]
[WhiteClock "0:00:11"]
[BlackClock "0:00:38"]

1. e4 c5 2. Nf3 Nc6 3. Bb5 g6 4. O-O Bg7 5. Re1 e5 6. Bxc6 dxc6 7. d3 Qe7 8. a3 Nf6 9. b4 Nd7 10. bxc5 Nxc5 11. a4 O-O 12. Ba3 Rd8 13. Nbd2 Bf8 14. Nb3 b6 15. a5 Rb8 16. axb6 axb6 17. Bxc5 bxc5 18. Na5 Qc7 19. Nc4 Be6 20. Nfd2 Bh6 21. Qf3 Bxd2 22. Nxd2 Rb2 23. Rec1 Kg7 24. h4 h5 25. Qe3 Qd6 26. Ra5 c4 27. Nxc4 Bxc4 28. dxc4 Rxc2 29. Rxc2 Qd1+ 30. Kh2 Qxc2 31. Qg5 Re8 32. Rc5 Qxf2 33. Rxc6 Qf4+ 34. Qxf4 exf4 35. g3 Rxe4 36. gxf4 Rxf4 37. Kh3 Rd4 38. Rc8 Rd3+ 39. Kh2 Kf6 40. c5 Rc3 41. c6 Kf5 42. c7 Kg4 0-1


[Site "https://www.chess.com"]

[Event "Titled Tuesday Blitz January 17 Late 2023"]
[White "Martinez Alcantara, Jose Eduardo"]
[Black "Khripachenko, Alexander"]
[WhiteFideId "3805662"]
[BlackFideId "54184975"]
[WhiteElo "2619"]
[BlackElo "2110"]
[Result "1-0"]
[Round "06"]
[TimeControl "180+2"]
[Date "2023.01.17"]
[WhiteClock "0:00:43"]
[BlackClock "0:00:02"]

1. Nf3 d5 2. g3 Nf6 3. Bg2 g6 4. c4 Bg7 5. cxd5 Nxd5 6. Nc3 Nb6 7. d3 Nc6 8. h4 h6 9. Be3 e5 10. O-O O-O 11. Rc1 Nd4 12. Qd2 Kh7 13. Ne4 Re8 14. Nc5 c6 15. Rfe1 Nd5 16. Bxd4 exd4 17. Nb3 Nc7 18. Nc5 Ne6 19. b4 Nxc5 20. Rxc5 Qd6 21. a3 Bg4 22. Nh2 Bd7 23. Be4 b6 24. Rc2 f5 25. Bg2 Rac8 26. Rec1 Bf6 27. Nf3 Kg7 28. a4 Re7 29. a5 Rce8 30. Bf1 Qd5 31. axb6 axb6 32. Qf4 Be5 33. Nxe5 Qxe5 34. Qxe5+ Rxe5 35. Rc4 Rd5 36. Ra1 Kf6 37. Bg2 Rd6 38. Kf1 g5 39. hxg5+ hxg5 40. Ra7 Re7 41. Ra6 Rde6 42. Rc2 c5 43. bxc5 bxc5 44. Rxe6+ Bxe6 45. Rxc5 Ra7 46. f4 Ra1+ 47. Kf2 gxf4 48. gxf4 Ra2 49. Rb5 Ra4 50. Rb6 Ke7 51. Bf3 Kd7 52. Rb5 Kd6 53. Rb6+ Ke7 54. Kg3 Kd7 55. Kh4 Ke7 56. Kg5 Ra1 57. Rb4 Rg1+ 58. Kh4 Kf6 59. Rxd4 Bb3 60. Rd6+ Ke7 61. Rb6 Bd1 62. Rb5 Ke6 63. Kh3 Re1 64. Kg2 Bxe2 65. Re5+ 1-0


[Site "https://www.chess.com"]

[Event "Titled Tuesday Blitz January 17 Late 2023"]
[White "Manukyan, Sargis A."]
[Black "Oparin, Grigoriy"]
[WhiteFideId "13303970"]
[BlackFideId "24125890"]
[WhiteElo "2158"]
[BlackElo "2667"]
[Result "0-1"]
[Round "06"]
[TimeControl "180+2"]
[Date "2023.01.17"]
[WhiteClock "0:00:01"]
[BlackClock "0:01:10"]

1. d4 d5 2. c4 e6 3. Nc3 Nf6 4. Nf3 Nbd7 5. Bg5 h6 6. Bh4 Be7 7. e3 O-O 8. cxd5 Nxd5 9. Bxe7 Qxe7 10. Nxd5 exd5 11. Bd3 c6 12. O-O a5 13. Qc2 Re8 14. Rab1 Nf6 15. Ne5 Ng4 16. Nxg4 Bxg4 17. Bf5 Bxf5 18. Qxf5 Ra6 19. b3 g6 20. Qc2 h5 21. Rbc1 Kg7 22. Qc5 Qf6 23. h3 h4 24. Qc3 Qd6 25. Qc5 Qxc5 26. Rxc5 Kf6 27. Re1 Ke6 28. e4 Kd7 29. e5 Rea8 30. a3 Rb6 31. Rc3 Ke6 32. Ree3 Rh8 33. Rf3 Ke7 34. Rf6 Ra6 35. f4 Rh5 36. Kf2 Ra8 37. Kf3 Rf5 38. Rxf5 gxf5 39. Kf2 Rh8 40. Rc5 Ra8 41. Rc1 Kd7 42. Rc3 Rh8 43. Rc5 b6 44. Rc3 Rc8 45. g4 Ke6 46. g5 c5 47. Ke3 Kd7 48. Kd3 Kc6 49. dxc5 bxc5 50. b4 axb4 51. axb4 c4+ 52. Kd4 Ra8 53. e6 fxe6 54. Ke5 Ra1 55. Kxe6 Re1+ 56. Kxf5 Kb5 57. Rc2 d4 58. Rg2 d3 59. g6 c3 60. g7 Re8 61. Kg6 d2 62. Rg5+ Kxb4 63. Re5 Rd8 64. Rd5 Rxd5 65. g8=Q d1=Q 66. Qb8+ Kc4 67. Qc7+ Kd3 68. f5 c2 69. Qc6 Ke3 70. Qb6+ Kf3 71. Kh5 Rxf5+ 0-1


[Site "https://www.chess.com"]

[Event "Titled Tuesday Blitz January 17 Late 2023"]
[White "Vlassov, Nikolai"]
[Black "Kamsky, Gata"]
[WhiteFideId "4103360"]
[BlackFideId "2000024"]
[WhiteElo "2283"]
[BlackElo "2665"]
[Result "1-0"]
[Round "06"]
[TimeControl "180+2"]
[Date "2023.01.17"]
[WhiteClock "0:01:26"]
[BlackClock "0:00:04"]

1. e4 c5 2. c3 Nf6 3. e5 Nd5 4. d4 cxd4 5. cxd4 e6 6. Nc3 Nxc3 7. bxc3 d6 8. f4 dxe5 9. fxe5 Qh4+ 10. Ke2 Nc6 11. Nf3 Qh5 12. Kf2 Be7 13. Bd3 f6 14. exf6 Bxf6 15. Re1 O-O 16. Kg1 Kh8 17. Ba3 Rd8 18. Qe2 Bd7 19. Qe4 Rac8 20. g4 Qh3 21. Re3 Qh6 22. g5 Bxg5 23. Nxg5 Qxg5+ 24. Rg3 Qh5 25. Rf1 Rg8 26. Bd6 Be8 27. Qg2 h6 28. Bf8 Rc7 29. Kh1 1-0


[Site "https://www.chess.com"]

[Event "Titled Tuesday Blitz January 17 Late 2023"]
[White "Bjelobrk, Igor"]
[Black "Holt, Conrad"]
[WhiteFideId "4300726"]
[BlackFideId "2034387"]
[WhiteElo "2403"]
[BlackElo "2540"]
[Result "1-0"]
[Round "06"]
[TimeControl "180+2"]
[Date "2023.01.17"]
[WhiteClock "0:01:01"]
[BlackClock "0:00:11"]

1. Nf3 d5 2. c4 d4 3. g3 Nc6 4. b4 Nxb4 5. Qa4+ Nc6 6. Ne5 Bd7 7. Nxd7 Qxd7 8. Na3 e5 9. Rb1 Nd8 10. Qxd7+ Kxd7 11. Bh3+ Ke8 12. Nb5 Ne6 13. Bxe6 fxe6 14. Nxc7+ Kd7 15. Nxa8 Kc6 16. O-O Nf6 17. d3 Bc5 18. Rb3 Rxa8 19. Ba3 Nd7 20. f3 Bxa3 21. Rxa3 Nc5 22. Rb1 b6 23. Kf2 a5 24. Kg2 Rf8 25. Rb5 g5 26. Rxc5+ Kxc5 27. Rb3 Rb8 28. Rb5+ Kd6 29. a4 h6 30. c5+ Kc7 31. cxb6+ Rxb6 32. Rxa5 Kd6 33. Ra8 Rb2 34. Kf2 Ra2 35. Rh8 Ke7 36. Rxh6 Kf7 37. Rh7+ Kf6 38. Ra7 e4 39. fxe4 g4 40. a5 Ra1 41. a6 Kg6 42. Re7 Kf6 43. Rd7 1-0


[Site "https://www.chess.com"]

[Event "Titled Tuesday Blitz January 17 Late 2023"]
[White "Weetik, Vjacheslav"]
[Black "Quispe Arteaga, Gabriel"]
[WhiteFideId "4153472"]
[BlackFideId "32059809"]
[WhiteElo "2423"]
[BlackElo "2381"]
[Result "0-1"]
[Round "06"]
[TimeControl "180+2"]
[Date "2023.01.17"]
[WhiteClock "0:00:15"]
[BlackClock "0:00:38"]

1. d4 Nf6 2. Nf3 e6 3. c4 Bb4+ 4. Nbd2 O-O 5. e3 Re8 6. Be2 b6 7. a3 Bf8 8. O-O Bb7 9. b4 c5 10. bxc5 bxc5 11. Rb1 Qc7 12. Ne5 Nc6 13. Ndf3 Rab8 14. Qc2 cxd4 15. exd4 Nxd4 16. Nxd4 Qxe5 17. Bf3 Bxf3 18. Nxf3 Qe4 19. Qxe4 Nxe4 20. Be3 a6 21. Ne5 Nf6 22. a4 Bd6 23. Nd3 Ne4 24. g3 h6 25. Kg2 Nc3 26. Ra1 Rec8 27. c5 Be7 28. Rfc1 Nd5 29. Bd4 Bf6 30. Bxf6 gxf6 31. Rab1 Kf8 32. Kf3 Ke7 33. g4 d6 34. c6 Rxb1 35. Rxb1 Rxc6 36. Rb7+ Rc7 37. Rb8 Rc3 0-1


[Site "https://www.chess.com"]

[Event "Titled Tuesday Blitz January 17 Late 2023"]
[White "Solon, Nathan"]
[Black "Yanchenko, Roman"]
[WhiteFideId "2017229"]
[BlackFideId "4137329"]
[WhiteElo "2306"]
[BlackElo "2466"]
[Result "1-0"]
[Round "06"]
[TimeControl "180+2"]
[Date "2023.01.17"]
[WhiteClock "0:00:21"]
[BlackClock "0:00:18"]

1. Nf3 d5 2. g3 Nf6 3. Bg2 Bf5 4. O-O e6 5. c4 c6 6. Qb3 Qb6 7. d3 Nbd7 8. cxd5 cxd5 9. Nc3 Qxb3 10. axb3 a6 11. Nh4 Bg6 12. e4 dxe4 13. dxe4 e5 14. Be3 Bc5 15. Bxc5 Nxc5 16. f4 Nxb3 17. Rad1 Bh5 18. Rd6 exf4 19. e5 Ng4 20. Bxb7 Rb8 21. Bc6+ Kf8 22. gxf4 g6 23. Ne4 Kg7 24. Ng3 Rhc8 25. Nxh5+ gxh5 26. Nf5+ Kh8 27. h3 Na5 28. Bd5 Nxe5 29. fxe5 Rxb2 30. Bxf7 Nb7 31. Rd7 Rcc2 32. Bd5 Rd2 33. Rxb7 Rxb7 34. Bxb7 a5 35. e6 Re2 36. e7 h6 37. Bc6 a4 38. e8=Q+ Rxe8 39. Bxe8 Kh7 40. Bxa4 h4 41. Nxh4 1-0


[Site "https://www.chess.com"]

[Event "Titled Tuesday Blitz January 17 Late 2023"]
[White "Riehle, Marco"]
[Black "Leiva, Gianmarco"]
[WhiteFideId "12904392"]
[BlackFideId "3804399"]
[WhiteElo "2368"]
[BlackElo "2392"]
[Result "1/2-1/2"]
[Round "06"]
[TimeControl "180+2"]
[Date "2023.01.17"]
[WhiteClock "0:00:42"]
[BlackClock "0:00:07"]

1. e4 c5 2. a3 d6 3. b4 Nf6 4. Nc3 Nc6 5. b5 Nd4 6. Nf3 Bg4 7. Be2 Bxf3 8. Bxf3 Qd7 9. O-O g6 10. a4 Bg7 11. Re1 O-O 12. g3 Nxf3+ 13. Qxf3 Ne8 14. Bb2 Nc7 15. Rab1 Ne6 16. Nd5 Nd4 17. Bxd4 Bxd4 18. c3 Bg7 19. c4 Bd4 20. h4 h5 21. Rb3 Kg7 22. Kg2 e6 23. Ne3 Rae8 24. Rd1 Qe7 25. Nc2 Qf6 26. Qxf6+ Kxf6 27. Nxd4 cxd4 28. d3 Rc8 29. f4 Rc5 30. Kf3 Ke7 31. Rb4 Kd7 32. a5 Kc8 33. Re1 Kd7 34. Rb2 Rfc8 35. Rb4 Rh8 36. e5 f5 37. exf6 Rf8 38. Re4 e5 39. a6 Rxf6 40. Rb2 Kc7 41. axb7 Kxb7 42. Rbe2 Rf5 43. Kg2 a6 44. bxa6+ Kxa6 45. fxe5 dxe5 46. g4 hxg4 47. Rxg4 Rc6 48. Rf2 Rcf6 49. Rxf5 gxf5 50. Rg8 Ka5 51. Rb8 e4 52. Rd8 Kb4 53. dxe4 Kc3 54. exf5 Rxf5 55. Kg3 d3 56. Kg4 Rc5 57. h5 Rxc4+ 58. Kg5 Rc5+ 59. Kg6 Rc6+ 60. Kg7 Rc7+ 61. Kg6 Rc6+ 62. Kg7 Rc7+ 63. Kg8 d2 64. h6 Kc2 65. h7 d1=Q 66. Rxd1 Kxd1 67. h8=Q Rc8+ 68. Kg7 Rxh8 69. Kxh8 1/2-1/2


[Site "https://www.chess.com"]

[Event "Titled Tuesday Blitz January 17 Late 2023"]
[White "Makridis, Dimitrios"]
[Black "Martynov, Pavel"]
[WhiteFideId "25864475"]
[BlackFideId "4101260"]
[WhiteElo "2356"]
[BlackElo "2414"]
[Result "1-0"]
[Round "06"]
[TimeControl "180+2"]
[Date "2023.01.17"]
[WhiteClock "0:00:10"]
[BlackClock "0:00:08"]

1. c4 e6 2. Nf3 d5 3. g3 c5 4. Bg2 Nc6 5. cxd5 exd5 6. d4 Nf6 7. O-O Be7 8. Nc3 O-O 9. dxc5 Bxc5 10. Bg5 d4 11. Bxf6 Qxf6 12. Ne4 Qe7 13. Nxc5 Qxc5 14. Rc1 Qb6 15. Qd2 Be6 16. b3 h6 17. Rfd1 Rad8 18. Ne1 Rfe8 19. Nd3 Bd5 20. Rc5 Be4 21. Rdc1 Qa6 22. b4 Qa3 23. b5 Bxd3 24. bxc6 b6 25. c7 Rc8 26. Rc6 Rxe2 27. Qf4 Qb4 28. h4 f5 29. Kh2 Qb2 30. Rd6 Rxf2 31. Rd8+ Kh7 32. Qxf2 Qxf2 33. Rxc8 Be4 34. Rg1 f4 35. Rh8+ Kg6 36. gxf4 Qxf4+ 37. Kh3 Qf5+ 38. Kg3 Qe5+ 39. Kf2 Qxc7 40. Bxe4+ Kf6 41. Rg6+ Ke5 42. Re8+ Kf4 43. Bd3 Qc5 44. Re4+ Kf5 45. Reg4+ Ke5 46. R4g5+ hxg5 47. Rxg5+ Kf4 48. Rxc5 bxc5 49. h5 Kg5 50. Be2 c4 51. Bxc4 Kxh5 52. Kf3 Kg5 53. Ke4 Kf6 54. Kxd4 g5 55. Kc5 Ke5 56. Kb5 Kd4 57. Be6 Ke5 58. Bc8 Kd6 59. a4 Kc7 60. Bg4 Kb8 61. Ka6 Ka8 62. a5 Kb8 63. Bf3 g4 64. Bxg4 Ka8 65. Bf3+ Kb8 66. Be4 Kc7 67. Kxa7 1-0


[Site "https://www.chess.com"]

[Event "Titled Tuesday Blitz January 17 Late 2023"]
[White "Yuan, Qingyu"]
[Black "Ismagilov, Damir"]
[WhiteFideId "8609772"]
[BlackFideId "34199982"]
[WhiteElo "2373"]
[BlackElo "2156"]
[Result "1-0"]
[Round "06"]
[TimeControl "180+2"]
[Date "2023.01.17"]
[WhiteClock "0:00:14"]
[BlackClock "0:00:12"]

1. e4 d6 2. d4 e6 3. Nc3 g6 4. f4 Bg7 5. Nf3 c5 6. dxc5 dxc5 7. Qxd8+ Kxd8 8. Be3 Nd7 9. e5 Ne7 10. O-O-O b6 11. Ng5 Ke8 12. Nb5 Nf5 13. Bf2 h6 14. Ne4 Ke7 15. g4 Bb7 16. Bg2 Nd4 17. Nxd4 cxd4 18. Bxd4 g5 19. f5 Bxe5 20. Bxe5 Nxe5 21. f6+ Kf8 22. h3 Kg8 23. Rhe1 Kh7 24. Nxg5+ hxg5 25. Bxb7 Rab8 26. Rxe5 Rxb7 27. Rxg5 Rg8 28. Rxg8 Kxg8 29. g5 Kh7 30. h4 Kg6 31. c4 Kh5 32. Rd4 Rc7 33. Kd2 Rc5 34. Kc3 Rf5 35. Rd7 Kxh4 36. Rxa7 Kxg5 37. Rxf7 Rxf6 38. Rxf6 Kxf6 39. Kd4 Kf5 40. Ke3 Ke5 41. b3 Kf5 42. a3 Ke5 43. b4 Kf5 44. a4 Ke5 45. Kd3 Kf4 46. a5 bxa5 47. bxa5 Ke5 48. a6 Kd6 49. a7 Kc7 50. a8=Q Kb6 51. Qe4 Kc5 52. Kd2 Kb4 53. Kd1 Kb3 54. Ke1 Kb2 55. Kf1 Kc3 56. Kf2 Kd2 57. Kg2 Kc3 58. Kg1 e5 59. Kh1 Kd2 60. Kh2 1-0


[Site "https://www.chess.com"]

[Event "Titled Tuesday Blitz January 17 Late 2023"]
[White "Megalios, Konstantinos"]
[Black "Djordjevic, Vuk"]
[WhiteFideId "4238044"]
[BlackFideId "902098"]
[WhiteElo "2372"]
[BlackElo "2375"]
[Result "1-0"]
[Round "06"]
[TimeControl "180+2"]
[Date "2023.01.17"]
[WhiteClock "0:00:20"]
[BlackClock "0:00:01"]

1. e4 d5 2. exd5 Qxd5 3. Nc3 Qd6 4. d4 Nf6 5. Nf3 c6 6. g3 Bg4 7. Bg2 e6 8. O-O Be7 9. Qd3 Bxf3 10. Bxf3 Nbd7 11. Bf4 Qb4 12. a3 Qb6 13. b4 Nd5 14. Bd2 Bf6 15. Ne4 Qxd4 16. Nxf6+ Qxf6 17. Bg2 Rd8 18. c4 Ne5 19. Qe2 Nb6 20. Bc3 Nbxc4 21. Rfe1 O-O 22. Bxe5 Nxe5 23. Qxe5 Qe7 24. Qc5 Qxc5 25. bxc5 Rd7 26. Rab1 Rc8 27. h4 Kf8 28. Rb3 Rcc7 29. Rc1 Rd4 30. Rb4 Rxb4 31. axb4 Rd7 32. Bf3 a6 33. Rd1 Rc7 34. Rd8+ Ke7 35. Rb8 Kf6 36. Kf1 Ke5 37. Rd8 h6 38. Ke2 Kf6 39. Be4 Ke5 40. Ke3 Kf6 41. f4 Ke7 42. Rb8 Rd7 43. h5 Kf6 44. g4 Re7 45. Rd8 Rc7 46. Kd4 Re7 47. Rd6 Rc7 48. Rd8 Ke7 49. Rd6 Kf6 50. Bd3 Re7 51. Ke4 Rc7 52. Bc4 Re7 53. Bb3 Rc7 54. f5 Kg5 55. fxe6 fxe6 56. Bxe6 Re7 57. Ke5 g6 58. hxg6 Kxg6 59. Kf4 Kf6 60. Bf5+ Kg7 61. Rg6+ Kf7 62. Rxh6 Re2 63. Rh7+ Kf6 64. g5# 1-0


[Site "https://www.chess.com"]